 Dungeon Crawl Stone Soup version 0.30-a0-778-g2ef04afb54 (webtiles) character file.

Game seed: 221040156749169978

622 Dartaoz the Cudgeller (level 7, -2/42 HPs)
             Began as a Gargoyle Fighter on Feb 15, 2023.
             Was an Initiate of Makhleb.
             Slain by a phantom (4 damage)
             ... on level 5 of the Dungeon.
             The game lasted 00:09:29 (3396 turns).

Dartaoz the Cudgeller (Gargoyle Fighter)            Turns: 3396, Time: 00:09:30

Health: -2/42      AC: 13    Str: 22    XL:     7   Next: 46%
Magic:  7/8        EV:  9    Int:  8    God:    Makhleb [......]
Gold:   167        SH:  5    Dex: 15    Spells: 6/6 levels left

rFire   . . .      SeeInvis .    a - +0 flail
rCold   . . .      Faith    .    c - +0 buckler
rNeg    + . .      Spirit   .    b - +0 scale mail
rPois   ∞          Reflect  .    (no helmet)
rElec   +          Harm     .    (no cloak)
rCorr   +          Rampage  .    (no gloves)
Will    .....                    z - +1 pair of boots Stlth
                                 (no amulet)
HPRegen 0.27/turn                i - +6 ring of dexterity
MPRegen 0.11/turn                r - ring of resist corrosion

@: no status effects
A: sickness immunity, AC +4, negative energy resistance 1, electricity
resistance, torment resistance 1, petrification resistance, sense surroundings 1
a: Renounce Religion


You were on level 5 of the Dungeon.
You worshipped Makhleb.
Makhleb was noncommittal.
You visited 1 branch of the dungeon, and saw 5 of its levels.

You collected 167 gold pieces.

Inventory:

Hand Weapons
 a - a +0 flail (weapon)
Armour
 b - a +0 scale mail (worn)
 c - a +0 buckler (worn)
 z - a +1 pair of boots (worn)
Jewellery
 f - a ring of flight
 i - a +6 ring of dexterity (left hand)
 r - a ring of resist corrosion (right hand)
Wands
 A - a wand of paralysis (9)
Scrolls
 e - a scroll of noise {unknown}
 g - a scroll of poison
 k - a scroll of identify
 l - a scroll of magic mapping {unknown}
 o - a scroll of enchant weapon {unknown}
 u - a scroll of amnesia {unknown}
 v - a scroll of immolation {unknown}
 w - a scroll of blinking {unknown}
 x - 2 scrolls of fear
 y - a scroll of brand weapon {unknown}
Potions
 d - 2 potions of attraction
 h - a potion of invisibility
 m - 2 potions of brilliance
 n - 2 potions of mutation
 p - a potion of haste {unknown}
 q - a potion of degeneration {unknown}
 s - a potion of curing
 t - a potion of lignification {unknown}


   Skills:
 + Level 3.7 Fighting
 + Level 7.4 Maces & Flails
 + Level 3.7 Armour
 + Level 3.7 Shields
 + Level 1.4 Invocations


You had 6 spell levels left.
You didn't know any spells.
Your spell library contained the following spells:

 Spells                   Type           Power      Damage    Failure   Level
 Sting                    Tmut/Pois      0%         1d3       82%         1
 Ensorcelled Hibernation  Hex/Ice        0%         N/A       91%         2
 Lesser Beckoning         Tloc           0%         N/A       91%         2
 Passwall                 Tmut/Erth      0%         N/A       91%         2
 Gell's Gravitas          Tloc           0%         N/A       99%         3
 Swiftness                Air            0%         N/A       99%         3
 Teleport Other           Tloc           0%         N/A       99%         3


Dungeon Overview and Level Annotations

Branches:
Dungeon (5/15)
 Temple: D:4-7

Altars:
Cheibriados
Elyvilon
Gozag
Makhleb
Sif Muna
Vehumet

Shops:
D:4 [


Innate Abilities, Weirdness & Mutations

You are immune to sickness and miasma.
Your stone body is resilient. (AC +4)
You are immune to poison.
You resist negative energy. (rN+)
You are resistant to electric shocks. (rElec)
You are resistant to unholy torment.
You are immune to petrification.
You passively map a small area around you.


Message History

You hit the gnoll.
The gnoll is lightly wounded.
The gnoll closely misses you.
The black bear bites you but does no damage.
The black bear claws you but does no damage. x2
The phantom closely misses you. The gnoll barely misses you.
You block the gnoll's attack.
You closely miss the gnoll.
The gnoll is lightly wounded.
The gnoll hits you from afar with a +0 spear.
The gnoll hits you but does no damage. The phantom hits you.
The phantom blinks!
You blink.
You hit the phantom but do no damage.
The phantom hits you but does no damage. x2
You block the black bear's attack.
The black bear claws you but does no damage.
The black bear barely misses you.
You sock the phantom!
The phantom is heavily damaged.
The gnoll hits you from afar with a +0 halberd.
* * * LOW HITPOINT WARNING * * *
You block the black bear's attack.
The black bear claws you but does no damage.
The black bear claws you.
* * * LOW HITPOINT WARNING * * *
The gnoll hits you but does no damage. The phantom completely misses you.
You completely miss the black bear. The gnoll closely misses you.
The phantom barely misses you.
The gnoll hits you from afar with a +0 spear.
* * * LOW HITPOINT WARNING * * *
The black bear bites you but does no damage.
The black bear claws you but does no damage. x2
You closely miss the gnoll.
The gnoll is lightly wounded.
The gnoll closely misses you. The black bear bites you.
* * * LOW HITPOINT WARNING * * *
The black bear barely misses you. The black bear claws you.
* * * LOW HITPOINT WARNING * * *
You block the gnoll's attack. The phantom hits you.
You die...

...# ##........#
####
#........#######
###.............
######(#######
#.# * #######
#)####### ,
#.....#
##.......#
#..(..#
#...g....# * *
####.....#
#.@Wg....# ,
)..'..<..#
#.gh...###
####.....#
#.....(# *
#.....# #....†.#
####### #......#
* #......#
#......# ***
#....... ,
##+#####**


You could see a black bear, a phantom and 3 gnolls.

Vanquished Creatures
  Sigmund (D:3)
  A gnoll sergeant (D:5)
  A necrophage (D:4)
  A jelly (D:5)
  Terence (D:3)
  2 iguanas
  Natasha (D:2)
  2 orc wizards (D:4)
  5 gnolls (D:5)
  6 adders
  3 worms
  A dart slug (D:1)
  6 orcs
  4 ball pythons
  3 endoplasms
  3 giant cockroaches
  4 goblins
  2 hobgoblins (D:1)
  3 jackals (D:1)
  5 kobolds
  A quokka (D:2)
  4 bats
  3 frilled lizards
  6 rats
69 creatures vanquished.

Vanquished Creatures (others)
  An orc wizard (D:4)
1 creature vanquished.

Grand Total: 70 creatures vanquished

Notes
Turn   | Place    | Note
-------+----------+-------------------------------------------
     0 | D:1      | Dartaoz the Gargoyle Fighter began the quest for the Orb.
     0 | D:1      | Reached XP level 1. HP: 14/14 MP: 1/1
   103 | D:1      | Reached XP level 2. HP: 16/19 MP: 2/2
   381 | D:1      | Reached skill level 3 in Maces & Flails
   547 | D:2      | Reached XP level 3. HP: 23/23 MP: 3/3
   766 | D:2      | Reached skill level 4 in Maces & Flails
   876 | D:2      | Noticed Natasha
   882 | D:2      | Killed Natasha
   883 | D:2      | Reached XP level 4. HP: 26/28 MP: 4/4
  1347 | D:3      | Found an opulent altar of Gozag.
  1394 | D:3      | Reached skill level 5 in Maces & Flails
  1394 | D:3      | Reached XP level 5. HP: 16/32 MP: 5/5
  1543 | D:3      | Noticed Sigmund
  1552 | D:3      | Killed Sigmund
  1553 | D:3      | Reached skill level 6 in Maces & Flails
  1553 | D:3      | Reached XP level 6. HP: 24/37 MP: 6/6
  1647 | D:3      | Found a white marble altar of Elyvilon.
  1663 | D:3      | Noticed Terence
  1671 | D:3      | Killed Terence
  1733 | D:3      | Found a burning altar of Makhleb.
  1737 | D:3      | Became a worshipper of Makhleb the Destroyer
  1742 | D:3      | Found a radiant altar of Vehumet.
  1745 | D:3      | Found a snail-covered altar of Cheibriados.
  2572 | D:4      | Reached skill level 7 in Maces & Flails
  2662 | D:4      | Found Abyel's Armour Emporium.
  2852 | D:4      | Found a shimmering blue altar of Sif Muna.
  3055 | D:4      | Got Sif Muna's Quarto of the Body
  3168 | D:5      | Entered Level 5 of the Dungeon
  3180 | D:5      | Reached XP level 7. HP: 35/41 MP: 7/7
  3189 | D:5      | HP: 1/41 [gnoll/+0 halberd[a gnoll sergeant] (8)]
  3197 | D:5      | Gained mutation: You passively map a small area around you.
                  | [potion of mutation]
  3206 | D:5      | Reached skill level 1 in Invocations
  3396 | D:5      | HP: 2/42 [black bear (3)]
  3396 | D:5      | Slain by a phantom

Illustrated notes

Levels and vault maps discovered:
D:1:      dpeg_arrival_boxorama, layout_rooms, serial_bayou_ford_a
D:2:      layout_loops_ring, uniq_natasha
D:3:      layout_loops_cross, lemuel_doored_altar,
          grunt_temple_overflow_diamond, grunt_gozag_breadcrumbs,
          kennysheep_generic_room_8, uniq_terence, uniq_sigmund
D:4:      layout_basic, led_sif_book, serial_shops, nicolae_shop_hallway_stairs
D:5:      layout_basic, uniq_duvessa

Skill      XL: |  1  2  3  4  5  6  7 |
---------------+----------------------+-----
Maces & Flails | 3 4 5 6 7 |  7.4
Invocations    | 1 |  1.4
Fighting       | |  3.7
Armour         | |  3.7
Shields        | |  3.7

Action                     |  1- 3 |  4- 6 |  7- 9 || total
---------------------------+-------+-------+-------++-------
  Melee: Flail             |    84 |   130 |    41 ||   255
    Use: Scroll            |       |     3 |       ||     3
         Potion            |       |     1 |     5 ||     6
   Stab: Invisible         |       |       |     1 ||     1
 Armour: Scale mail        |    42 |    52 |    38 ||   132
  Dodge: Dodged            |    47 |    31 |    31 ||   109
  Block: Buckler           |    18 |    29 |    20 ||    67

Table legend: (Time is in decaauts)
 A = Elapsed time spent in this place.
 B = Non-inter-level travel time spent in this place.
 C = Inter-level travel time spent in this place.
 D = Time resting spent in this place.
 E = Time spent auto-exploring this place.
 F = Levels seen in this place.
 G = Mean time per level.
                   A        B        C        D        E       F      G
               +--------+--------+--------+--------+--------+-----+--------+
         Total |   3445 |   3339 |    106 |     17 |   2719 |   5 |  689.0 |
       Dungeon |   3445 |   3339 |    106 |     17 |   2719 |   5 |  689.0 |
               +--------+--------+--------+--------+--------+-----+--------+

Top non-repeatable levels by time:
     D:4: 1101 daAuts
     D:3: 896 daAuts
     D:2: 669 daAuts
     D:1: 539 daAuts
     D:5: 238 daAuts
